 Dungeon Crawl Stone Soup version 0.28-a0-2-g643f2454ad (webtiles) character file.

Game seed: 17846247554810285822

67 pkoi the Slasher (level 3, -1/30 HPs)
             Began as a Minotaur Gladiator on July 22, 2021.
             Slain by Jessica (3 damage)
             ... on level 3 of the Dungeon.
             The game lasted 00:01:36 (1600 turns).

pkoi the Slasher (Minotaur Gladiator)               Turns: 1600, Time: 00:01:37

Health: -1/30      AC:  3    Str: 16 (19) XL:     3   Next: 98%
Magic:  2/2        EV: 12    Int:  2 (5)  God:
Gold:   162        SH:  0    Dex:  9 (11) Spells: 2/2 levels left

rFire   . . .      SeeInvis .   a - +0 long sword
rCold   . . .      Faith    .   (no shield)
rNeg    . . .      Spirit   .   g - +0 leather armour
rPois   .          Reflect  .   c - +0 hat
rElec   .          Harm     .   (no cloak)
rCorr   .          Rampage  .   (no gloves)
Will    .....                   (no boots)
Stlth   +.........              (no amulet)
HPRegen 0.10/turn               (no ring)
MPRegen 0.08/turn               (no ring)

@: flying
A: horns 2, retaliatory headbutt
a: no special abilities


You were on level 3 of the Dungeon.
You visited 1 branch of the dungeon, and saw 3 of its levels.

You collected 162 gold pieces.

Inventory:

Hand Weapons
 a - a +0 long sword (weapon)
Missiles
 b - 15 poisoned darts
 d - 3 throwing nets (quivered)
 e - 6 atropa-tipped darts
Armour
 c - a +0 hat (worn)
 g - a +0 leather armour (worn)
Jewellery
 l - a +6 ring of dexterity
Scrolls
 i - a scroll of enchant weapon {unknown}
 j - a scroll of blinking {unknown}
 k - a scroll of noise {unknown}
Potions
 m - a potion of mutation {unknown}
 n - a potion of berserk rage {unknown}


   Skills:
 - Level 2.4 Fighting
 + Level 5.9 Long Blades
 - Level 2.0 Throwing
 - Level 3.2 Dodging


You had 2 spell levels left.
You didn't know any spells.
Your spell library contained the following spells:

 Spells                   Type           Power      Damage    Failure   Level
 Ensorcelled Hibernation  Hex/Ice        0%         N/A       77%         2
 Spider Form              Tmut/Pois      0%         N/A       94%         3
 Conjure Ball Lightning   Conj/Air       0%         3x3d6     100%        6
 Shadow Creatures         Summ           N/A        N/A       100%        6
 Discord                  Hex            0%         N/A       100%        8
 Disjunction              Tloc           0%         N/A       100%        8


Dungeon Overview and Level Annotations

Branches:
Dungeon (3/15)

Altars:

Annotations:
D:2 1 runed translucent door, Crazy Yiuf
D:3 Jessica


Innate Abilities, Weirdness & Mutations

You have a pair of horns on your head.
You reflexively headbutt those who attack you in melee.


Message History

You slash the quokka!
You kill the quokka!
The goblin unwields a +0 dagger.
The goblin wields a +0 hunting sling.
The goblin shoots a stone.
The stone hits you.
The goblin unwields a +0 hunting sling.
The goblin wields a +0 dagger.
The goblin closely misses you.
You see here a quokka corpse.
You slash the goblin!
You kill the goblin!
Jessica misses you.
You riposte.
You hit Jessica. You headbutt Jessica.
Jessica is heavily wounded.
Your leather armour prevents you from hitting Jessica.
Jessica is heavily wounded.
Jessica closely misses you.
You barely miss Jessica. Your headbutt misses Jessica.
Jessica is heavily wounded.
Jessica hits you with a +1 spectral club.
Jessica points at you and mumbles some strange words.
Pain shoots through your body!
* * * LOW HITPOINT WARNING * * *
You are too injured to fight recklessly!
You are too injured to fight recklessly!
You are too injured to fight recklessly!
You are too injured to fight recklessly!
You are too injured to fight recklessly!
You are too injured to fight recklessly!
You are too injured to fight recklessly!
You are too injured to fight recklessly!
You are too injured to fight recklessly!
You are too injured to fight recklessly!
Unknown command.
It was a potion of flight.
You feel very buoyant.
You fly up into the air.
Jessica closely misses you. You furiously retaliate!
You headbutt Jessica, but do no damage.
It was a potion of degeneration.
There was something very wrong with that liquid.
You feel weakened.
You feel dopey.
You feel clumsy.
Jessica hits you with a +1 spectral club.
You die...

............ #.#.#####...
#..# #.#.# . #..# .....
#..# #.#.## ## #..# #.#.#
#.. ..# #.#.# ######.###.#
. .....
........##.####....
....########....@@........
###... ......#.####.##....
###.#####.##.#.####.# .
#.....................
......................
#...............###.###
#.#.####............#
#.........##....###.#
#.#.###...##....#


You could see Jessica (fast).

Vanquished Creatures
  2 worms (D:2)
  A dart slug (D:2)
  5 endoplasms
  2 giant cockroaches (D:1)
  8 goblins
  7 hobgoblins
  3 quokkas
  5 ball pythons
  5 bats
  5 frilled lizards
  6 kobolds
  4 rats
53 creatures vanquished.

Notes
Turn   | Place    | Note
-------+----------+-------------------------------------------
     0 | D:1      | pkoi the Minotaur Gladiator began the quest for the Orb.
     0 | D:1      | Reached XP level 1. HP: 18/18 MP: 0/0
   144 | D:1      | Reached skill level 4 in Long Blades
   227 | D:1      | Reached XP level 2. HP: 25/25 MP: 1/1
   456 | D:1      | Reached skill level 5 in Long Blades
   602 | D:1      | Reached XP level 3. HP: 30/30 MP: 2/2
   962 | D:2      | Found a runed translucent door.
   963 | D:2      | Noticed Crazy Yiuf
  1586 | D:3      | Noticed Jessica
  1600 | D:3      | Slain by Jessica

Illustrated notes

Levels and vault maps discovered:
D:1:      tarquinn_simple_flora_water_b, layout_basic
D:2:      layout_basic, uniq_crazy_yiuf_cottage
D:3:      layout_basic, wad_floor_pattern_untrapped, minmay_misc_feat_tower,
          uniq_sigmund, uniq_jessica

Skill      XL: |  1  2 |
---------------+-------+-----
Long Blades    | 4 5 |  5.9
Fighting       | |  2.4
Throwing       | |  2.0
Dodging        | |  3.2

Action                   || total
-------------------------++-------
Melee: Long sword        ||    72
       Headbutt          ||    18
  Use: Potion            ||     2
Armor: Leather armour    ||    23
Dodge: Dodged            ||    47
       Rpst.: Long sword ||    12

Table legend: (Time is in decaauts)
 A = Elapsed time spent in this place.
 B = Non-inter-level travel time spent in this place.
 C = Inter-level travel time spent in this place.
 D = Time resting spent in this place.
 E = Time spent auto-exploring this place.
 F = Levels seen in this place.
 G = Mean time per level.
                   A        B        C        D        E       F      G
               +--------+--------+--------+--------+--------+-----+--------+
         Total |   1611 |   1579 |     32 |      0 |   1313 |   3 |  537.0 |
       Dungeon |   1611 |   1579 |     32 |      0 |   1313 |   3 |  537.0 |
               +--------+--------+--------+--------+--------+-----+--------+

Top non-repeatable levels by time:
     D:2: 803 daAuts
     D:1: 730 daAuts
     D:3: 77 daAuts
